AoeStats
← UMIT BESEN

Arabia

510315436Analyzed
1v1 RM · 1d ago on Sep 30, 2026· 35m 12s· 2 players
Game mode
Random Map
Map size
Tiny (2 player)
Population
200
Speed
Normal
Resources
Standard
Victory
Conquest
Starting age
Dark Age
Ending age
Imperial Age
RankedLock teamsTeams togetherTeam positionsShared explorationLock speedFull tech treeHidden civsTurbo modeCheats
Victory
Defeat
🇹🇷 Goths · Türkiye
1272
+18
🇹🇼 Georgians · Taiwan
1315
-18
UMIT BESEN
2:04 Loom
10:17 Feudal Age
10:26 Man-at-Arms
10:58 Double-Bit Axe
21:58 Castle Age
20:32 Horse Collar
21:41 Stone Mining
21:47 Gold Mining
22:48 Forging
22:39 Scale Mail Armor
25:58 Wheelbarrow
28:59 Scale Mail Armor
29:55 Squires
30:03 Pikeman
36:49 Imperial Age
34:59 Heavy Plow
GNinder
6:08 Loom
8:50 Feudal Age
9:58 Double-Bit Axe
21:36 Castle Age
22:05 Fletching
22:27 Bloodlines
24:43 Bodkin Arrow
27:46 Stone Mining
33:15 Svan Towers
Connection lost

Rejoining the realm…

Still unreachable

The connection could not be restored.

Session expired

The server has moved on; the page needs a fresh start.